 Dungeon Crawl Stone Soup version 0.32-a0-675-gdc239d62e1 (webtiles) character file.

Game seed: 579607972636596653

1765 javelincjr the Trooper (level 8, -2/64 HPs)
             Began as a Demonspawn Warper on Mar 11, 2024.
             Was a Believer of Beogh.
             Slain by an ogre
             ... wielding a +0 giant club
              (27 damage)
             ... on level 7 of the Dungeon.
             The game lasted 00:20:54 (5980 turns).

javelincjr the Trooper (Demonspawn Warper)          Turns: 5980, Time: 00:20:54

Health: -2/64      AC:  7    Str: 15    XL:     8   Next: 79%
Magic:  14/14      EV: 13    Int: 13    God:    Beogh [**....]
Gold:   358        SH:  4    Dex: 15    Spells: 4/15 levels left

rFire   . . .        C - +0 trident
rCold   . . .        F - +0 buckler
rNeg    . . .        b - +0 leather armour
rPois   .            e - +1 hat
rElec   .            s - scarf {repulsion}
rCorr   .            (no gloves)
SInv    .            x - +0 pair of boots
Will    .....        (no amulet)
Stlth   +            G - ring of Xape {Wiz Fly Dex+3}
HPRegen 0.30/turn    (no ring)
MPRegen 0.14/turn

%: repel missiles, wizardry (x1)
@: flying
A: horns 1, spiny 1, sharp scales 2
a: Renounce Religion, Smiting


You were on level 7 of the Dungeon.
You worshipped Beogh.
Beogh was pleased with you.
You visited 1 branch of the dungeon, and saw 7 of its levels.

You collected 358 gold pieces.

Inventory:

Hand Weapons
 a - a +0 spear
 p - a +0 sling
 C - a +0 trident (weapon)
Missiles
 d - 6 darts of dispersal (quivered)
 H - 6 boomerangs
Armour
 b - a +0 leather armour (worn)
 e - a +1 hat (worn)
 f - an orb of light
 s - a scarf of repulsion (worn)
 x - a +0 pair of boots (worn)
 y - a +0 scale mail of fire resistance
 F - a +0 buckler (worn)
Jewellery
 r - a ring of fire
 G - the ring of Xape (left hand) {Wiz Fly Dex+3}
   (You found it on level 6 of the Dungeon)

   [ring of wizardry]

   Wiz:       It improves your spell success rate.
   Dex+3:     It affects your dexterity (+3).
   Fly:       It grants you flight.
Wands
 B - a wand of flame (23)
Scrolls
 c - a scroll of blinking
 g - 5 scrolls of teleportation
 h - a scroll of vulnerability {unknown}
 j - a scroll of poison {unknown}
 m - a scroll of enchant armour {unknown}
 n - a scroll of immolation {unknown}
 o - a scroll of torment {unknown}
 t - a scroll of fear {unknown}
 u - 2 scrolls of silence {unknown}
 w - a scroll of enchant weapon {unknown}
 z - a scroll of butterflies {unknown}
 D - a scroll of identify
 E - a scroll of amnesia {unknown}
Potions
 i - 2 potions of curing
 k - a potion of mutation {unknown}
 l - 2 potions of enlightenment
 q - a potion of degeneration {unknown}
 v - a potion of lignification
 A - 3 potions of invisibility {unknown}


   Skills:
 * Level 6.2 Fighting
 + Level 4.2 Polearms
 - Level 0.8 Throwing
 + Level 3.8 Armour
 + Level 4.2 Dodging
 + Level 0.5 Shields
 + Level 4.1 Spellcasting
 + Level 4.4 Translocations
 + Level 2.8 Invocations


You had 4 spell levels left.
You knew the following spells:

 Your Spells              Type           Power      Damage    Failure   Level
a - Blink                 Tloc           28%        N/A       3%          2
b - Lesser Beckoning      Tloc           28%        N/A       3%          2
c - Teleport Other        Tloc           14%        N/A       7%          3
d - Manifold Assault      Tloc           14%        N/A       22%         4

Your spell library contained the following spells:

 Spells                   Type           Power      Damage    Failure   Level
 Ensorcelled Hibernation  Hex/Ice        4%         N/A       21%         2
 Passage of Golubria      Tloc           14%        N/A       22%         4
 Frozen Ramparts          Ice            4%         1d1       38%         3
 Fugue of the Fallen      Necr           2%         N/A       38%         3
 Tukima's Dance           Hex            2%         N/A       38%         3
 Vhi's Electric Charge    Tloc/Air       16%        N/A       45%         4
 Anguish                  Hex/Necr       1%         N/A       77%         4
 Brom's Barrelling Bould  Conj/Erth      2%         2d3       77%         4
 Leda's Liquefaction      Alch/Erth      1%         N/A       77%         4
 Petrify                  Alch/Erth      2%         N/A       77%         4
 Fireball                 Conj/Fire      1%         3d3       97%         5
 Iskenderun's Battlesphe  Conj           2%         2d6       97%         5
 Metabolic Englaciation   Hex/Ice        1%         N/A       97%         5
 Yara's Violent Unravell  Hex/Alch       1%         3d3       97%         5
 Conjure Ball Lightning   Conj/Air       1%         3x3d6     100%        6
 Orb of Destruction       Conj           1%         9d5       100%        7


Dungeon Overview and Level Annotations

Branches:
Dungeon (7/15)             Temple (0/1) D:4

Altars:
Fedhas
Kikubaaqudgha
Ru

Shops:
D:5 ?

Annotations:
D:4 Edmund
D:5 3 runed translucent doors, GoblinFriend's ghost, amateur CoHu; chugbro's ghost, novice VSMo


Innate Abilities, Weirdness & Mutations

Your facial features look somewhat orcish.
You have a pair of small horns on your head.
You are partially covered in sharp spines.
You are mostly covered in razor-sharp scales. (AC +2, Slay +2)


Message History

HP restored.
Things that are here:
a +0 orcbow; a centaur corpse An orc wizard comes into view.
It is wielding a +0 dagger.
The orc wizard shouts!
The orc wizard gestures at you while chanting.
The magic dart hits you. The orc wizard casts a spell at you.
The puff of flame misses you.
You reach to attack!
You hit the orc wizard.
The orc wizard is moderately wounded.
You hit the orc wizard. You headbutt the orc wizard.
The orc wizard is severely wounded.
You block the orc wizard's attack.
You hit the orc wizard.
The orc wizard is severely wounded.
The orc wizard is struck by your spines.
You kill the orc wizard!
Beogh accepts your kill.
No target in view!
You now have 345 gold pieces (gained 5).
You now have 358 gold pieces (gained 13).
An ogre comes into view. It is wielding a +0 giant club.
Found 6 stones and 13 gold pieces.
The ogre shouts!
You reach to attack!
You hit the ogre.
The ogre is lightly wounded.
The ogre is struck by your spines.
The ogre hits you with a +0 giant club!!
You puncture the ogre!
The ogre is heavily wounded.
You hit the ogre. Your headbutt misses the ogre.
The ogre is heavily wounded.
The ogre hits you with a +0 giant club!!
You are too injured to fight recklessly!
You are too injured to fight recklessly!
You completely miss the ogre. Your headbutt misses the ogre.
The ogre is heavily wounded.
The ogre hits you with a +0 giant club!!
You die...

## .##
###########..##
...............
.....$O@...#####.
########........(
#.####....
########..## #
...........#
########...####
#......#
#......### #.#
###...#....###


You could see an ogre.

Vanquished Creatures
  Eustachio (D:6)
  An ice beast (D:5)
  An ogre (D:6)
  2 centaurs
  2 phantoms
  2 gnoll sergeants
  2 scorpions
  3 bombardier beetles
  A howler monkey (D:6)
  3 hounds
  2 jellies
  3 orc priests
  3 iguanas
  4 orc wizards
  A scorpion zombie (D:4)
  13 gnolls
  4 adders
  2 white imps
  2 ufetubi (D:7)
  A ribbon worm (D:2)
  3 dart slugs
  6 orcs
  5 ball pythons
  8 endoplasms
  A giant cockroach (D:4)
  12 goblins
  6 hobgoblins
  10 jackals
  8 kobolds
  2 quokkas (D:2)
  8 bats
  6 frilled lizards
  4 rats
132 creatures vanquished.

Vanquished Creatures (others)
  An orc priest (D:5)
  An orc (D:5)
2 creatures vanquished.

Grand Total: 134 creatures vanquished

Notes
Turn   | Place    | Note
-------+----------+-------------------------------------------
     0 | D:1      | javelincjr the Demonspawn Warper began the quest for the
                  | Orb.
     0 | D:1      | Reached XP level 1. HP: 16/16 MP: 3/3
    37 | D:1      | Reached skill level 1 in Armour
   108 | D:1      | Gained mutation: You have a pair of small horns on your
                  | head. [demonic ancestry]
   108 | D:1      | Reached XP level 2. HP: 22/22 MP: 5/5
   111 | D:1      | Learned a level 2 spell: Blink
   114 | D:1      | Learned a level 2 spell: Lesser Beckoning
   596 | D:2      | Reached XP level 3. HP: 28/28 MP: 6/6
  1120 | D:2      | Gained mutation: You are partially covered in razor-sharp
                  | scales. (AC +1, Slay +1) [demonic ancestry]
  1120 | D:2      | Reached XP level 4. HP: 34/34 MP: 7/7
  1242 | D:3      | Became a worshipper of Beogh the Shepherd
  1418 | D:3      | Reached skill level 3 in Fighting
  1880 | D:3      | Gained mutation: You are partially covered in sharp spines.
                  | [demonic ancestry]
  1880 | D:3      | Reached XP level 5. HP: 41/41 MP: 8/8
  1984 | D:3      | Found a sacrificial altar of Ru.
  1997 | D:3      | Found an ancient bone altar of Kikubaaqudgha.
  2276 | D:4      | Reached * piety under Beogh
  2319 | D:4      | Noticed Edmund
  2360 | D:4      | Found a staircase to the Ecumenical Temple.
  2444 | D:4      | Found a blossoming altar of Fedhas.
  2528 | D:4      | You fall into a shaft and drop 2 floors!
  2544 | D:5      | Entered Level 5 of the Dungeon
  2645 | D:5      | Noticed an ice beast
  2665 | D:5      | Killed an ice beast
  2666 | D:5      | Reached skill level 4 in Fighting
  2666 | D:5      | Reached XP level 6. HP: 27/48 MP: 7/10
  2781 | D:5      | Found a runed translucent gate.
  2781 | D:5      | Found a runed translucent gate.
  2781 | D:5      | Found a runed translucent gate.
  2782 | D:5      | Noticed chugbro's ghost (novice VSMo)
  2783 | D:5      | Noticed GoblinFriend's ghost (amateur CoHu)
  3460 | D:5      | Reached XP level 7. HP: 38/50 MP: 11/11
  3650 | D:5      | Found Mayb's Magic Scroll Emporium.
  4451 | D:5      | Reached ** piety under Beogh
  4452 | D:5      | Reached skill level 5 in Fighting
  4630 | D:6      | Gained mutation: You are mostly covered in razor-sharp
                  | scales. (AC +2, Slay +2) [demonic ancestry]
  4630 | D:6      | Reached XP level 8. HP: 62/62 MP: 13/13
  4777 | D:6      | Reached skill level 1 in Invocations
  4837 | D:6      | Noticed Eustachio
  4853 | D:6      | Killed Eustachio
  5407 | D:6      | Reached skill level 6 in Fighting
  5816 | D:6      | Identified the ring of Xape {Wiz Fly Dex+3}
  5823 | D:6      | Learned a level 3 spell: Teleport Other
  5828 | D:6      | Learned a level 4 spell: Manifold Assault
  5980 | D:7      | Slain by an ogre

Illustrated notes

Levels and vault maps discovered:
D:1:      wander_arrival_desolate, layout_loops_ring
D:2:      layout_loops_ring, chequers_serial_rivers_micro_b, minmay_cupped
D:3:      layout_basic, minitemple, kennysheep_generic_room_2
D:4:      layout_loops_ring, mainiacjoe_overflow_24_doors,
          minmay_temple_entry_junction, serial_undead, serial_undead_f,
          serial_undead_b, serial_undead_b, serial_undead_a, uniq_edmund
D:5:      layout_gridville, serial_shops, nicolae_shop_rolling_square,
          gammafunk_ghost_cemetery, guppyfry_early_orc_mine
D:6:      layout_gridville, uniq_eustachio
D:7:      minmay_flawed_box, layout_rooms

Skill      XL: |  1  2  3  4  5  6  7  8 |
---------------+-------------------------+-----
Armour         | 1 2 3 |  3.8
Polearms       | 2 3 4 |  4.2
Dodging        | 2 3 4 |  4.2
Fighting       | 3 4 5 6 |  6.2
Translocations | 3 4 |  4.4
Spellcasting   | 3 4 |  4.1
Invocations    | 2 |  2.8
Throwing       | |  0.8
Shields        | |  0.5

Action                     |  1- 3 |  4- 6 |  7- 9 || total
---------------------------+-------+-------+-------++-------
  Melee: Spear             |   123 |   166 |    73 ||   362
         Headbutt          |    11 |    36 |    35 ||    82
         Trident           |       |       |    75 ||    75
  Throw: Dart              |       |     1 |       ||     1
   Cast: Blink             |       |     3 |       ||     3
         Lesser Beckoning  |       |     1 |    10 ||    11
 Invoke: Convert to Beogh  |       |     1 |       ||     1
  Evoke: Wand              |       |       |     3 ||     3
    Use: Scroll            |       |     4 |     1 ||     5
 Armour: Leather armour    |    63 |    58 |    89 ||   210
  Dodge: Dodged            |    55 |    61 |    68 ||   184
         Repelled          |       |     6 |     6 ||    12
  Block: Buckler           |       |       |     4 ||     4

Table legend: (Time is in decaauts)
 A = Elapsed time spent in this place.
 B = Non-inter-level travel time spent in this place.
 C = Inter-level travel time spent in this place.
 D = Time resting spent in this place.
 E = Time spent auto-exploring this place.
 F = Levels seen in this place.
 G = Mean time per level.
                   A        B        C        D        E       F      G
               +--------+--------+--------+--------+--------+-----+--------+
         Total |   5986 |   5809 |    177 |    778 |   3664 |   7 |  855.1 |
       Dungeon |   5986 |   5809 |    177 |    778 |   3664 |   7 |  855.1 |
               +--------+--------+--------+--------+--------+-----+--------+

Top non-repeatable levels by time:
     D:5: 1599 daAuts
     D:6: 1244 daAuts
     D:3: 939 daAuts
     D:4: 853 daAuts
     D:2: 641 daAuts
     D:1: 593 daAuts
     D:7: 114 daAuts
